 Dungeon Crawl Stone Soup version 0.19.1-1-g22dce08 (webtiles) character file.

5786 M4edhros the Martial Artist (level 10, -5/71 HPs)
             Began as an Octopode Necromancer on Dec 31, 2016.
             Was a High Priest of Cheibriados.
             Slain by an unseen horror (12 damage)
             ... on level 10 of the Dungeon.
             The game lasted 00:22:24 (4071 turns).

M4edhros the Martial Artist (Octopode Necromancer)  Turns: 4071, Time: 00:22:25

Health: -5/71      AC:  1    Str: 19    XL:     10   Next: 79%
Magic:  14/14      EV: 16    Int: 28    God:    Cheibriados [*****.]
Gold:   486        SH: 20    Dex: 27    Spells: 5 memorised, 2 levels left

rFire  . . .     SeeInvis .       - Unarmed
rCold  . . .     Gourm    .     C - +5 large shield
rNeg   . . .     Faith    .     (helmet restricted)
rPois  .         Spirit   .     (no amulet)
rElec  .         Reflect  .     (no ring)
rCorr  .         Harm     .     (no ring)
MR     .....                    (no ring)
Stlth  ++++......               (no ring)
                                (no ring)
                                (no ring)
                                (no ring)
                                (no ring)

@: about to teleport, very slow
A: almost no armour, stealthy swim, amphibious, 8 rings, constrict 8, camouflage
1, gelatinous body 1
a: Bend Time, Temporal Distortion, Slouch, Step From Time, Renounce Religion


You were on level 10 of the Dungeon.
You worshipped Cheibriados.
Cheibriados was extremely pleased with you.
You were very hungry.

You visited 2 branches of the dungeon, and saw 11 of its levels.

You collected 486 gold pieces.

Inventory:

Hand Weapons
 g - a +0 blowgun
 m - a +0 hunting sling
 v - a +0 dagger of venom
 A - a +1 hunting sling of freezing
Missiles
 c - 16 sling bullets
 n - 223 stones (quivered)
 o - 10 curare-tipped needles
 z - a throwing net
Armour
 C - a +5 large shield (worn)
Wands
 f - a wand of teleportation (1/9)
 k - a wand of paralysis (5/24)
 x - a wand of polymorph (9/24)
 E - a wand of paralysis (10/24)
Scrolls
 e - a scroll of enchant weapon {unknown}
 h - 4 scrolls of immolation
 i - 3 scrolls of teleportation
 j - a scroll of blinking {unknown}
 l - 2 scrolls of fear {unknown}
 r - 3 scrolls of remove curse
 s - 2 scrolls of recharging {unknown}
 u - a scroll of magic mapping
 D - 3 scrolls of amnesia
Potions
 d - a potion of cure mutation
 q - a potion of haste
Books
 a - a book of Necromancy

   Spells                             Type                      Level
   a - Pain                           Necromancy                   1
   b - Animate Skeleton               Necromancy                   1
   c - Vampiric Draining              Necromancy                   3
   d - Regeneration                   Charms/Necromancy            3
   e - Animate Dead                   Necromancy                   4
   f - Control Undead                 Necromancy                   4
 y - a book of Air

   Spells                             Type                      Level
   a - Shock                          Conjuration/Air              1
   b - Swiftness                      Charms/Air                   2
   c - Repel Missiles                 Charms/Air                   2
   d - Static Discharge               Conjuration/Air              3
   e - Lightning Bolt                 Conjuration/Air              5
Comestibles
 b - 8 bread rations
 p - 11 fruits
 t - 4 chunks of flesh
 w - 3 meat rations


   Skills:
 - Level 7.3 Fighting
 + Level 1.4 Slings
 - Level 7.0 Dodging
 - Level 2.6 Stealth
 * Level 4.9 Shields
 - Level 9.7 Unarmed Combat
 - Level 2.0 Spellcasting
 - Level 4.0 Necromancy
 - Level 5.3 Invocations


You had 2 spell levels left.
You knew the following spells:

 Your Spells              Type           Power        Failure   Level  Hunger
a - Pain                  Necr           ####         24%         1    None
b - Animate Skeleton      Necr           N/A          24%         1    None
c - Regeneration          Chrm/Necr      ##........   98%         3    ###....
d - Repel Missiles        Chrm/Air       #.....       99%         2    ##.....
e - Animate Dead          Necr           N/A          99%         4    ####...


Dungeon Overview and Level Annotations

Branches:
Dungeon (10/15)            Temple (1/1) D:4
   Lair: D:8-11         Orc: D:9-12

Altars:
Ashenzari
Cheibriados
Dithmenos
Elyvilon
Fedhas
Gozag
Hepliaklqana
Kikubaaqudgha
Makhleb
Nemelex Xobeh
Okawaru
Qazlal
Ru
Sif Muna
Trog
Uskayaw
Vehumet
Xom
Yredelemnul
Zin
The Shining One

Annotations:
D:7 exclusion: oklob plant
D:9 efeel's ghost, novice HONe


Innate Abilities, Weirdness & Mutations

You cannot wear most types of armour.
You are very stealthy in the water. (Stealth+)
You are amphibious.
You can wear up to eight rings at the same time.
You can use your tentacles to constrict eight enemies at once.
Your skin changes colour to match your surroundings (Stealth+).
Your rubbery body absorbs attacks. (AC +1, EV +1)


Message History

a dagger; a robe; an orc corpse Something hits your ogre skeleton!
You swap places.
Something hits you! x2; Something hits you.
Things that are here:
a dagger; a robe; an orc corpse You tentacle-slap something but do no damage.
You squeeze something. Something hits you. x2
You miss something. You tentacle-slap something. You squeeze something.
Something hits you!
* * * LOW HITPOINT WARNING * * *
Something barely misses you.
You swap places.
Something hits your ogre skeleton!
Your ogre skeleton is destroyed!
Okay, then.
As you read the scroll of teleportation, it crumbles to dust.
You feel strangely unstable. You block something's attack. Something hits you!
* * * LOW HITPOINT WARNING * * *
Something hits you!
You die...

#### #.. # #.# .#
###########.########.####
.........)...............
.......####.{..[.........
######. #.@####.##.### ##
#..# #.# #..# #.# #..#
#.# #..# #.# #### #.# #.#
#.# #.#


There were no monsters in sight!

Vanquished Creatures
  A hill giant (D:8)
  An ugly thing (D:8)
  A cyclops (D:8)
  A komodo dragon (D:8)
  Sigmund (D:5)
  Edmund (D:4)
  A sky beast (D:6)
  3 ice beasts (D:8)
  2 orc warriors (D:8)
  2 phantoms
  A black bear (D:7)
  4 ogres
  3 centaurs
  3 bullfrogs
  A gnoll sergeant (D:6)
  A scorpion (D:8)
  9 killer bees
  4 wights
  3 howler monkeys
  2 crimson imps
  A bullfrog zombie (D:6)
  3 hounds
  2 jellies
  2 gnoll shamans (D:6)
  2 orc priests (D:7)
  7 orc wizards
  An iguana (D:9)
  Natasha (twice) (D:4)
  A worker ant (D:8)
  A hound zombie (D:10)
  2 hound skeletons
  A worker ant zombie (D:8)
  Robin (D:4)
  32 gnolls
  3 howler monkey skeletons
  2 adders (D:7)
  An ooze (D:5)
  2 adder skeletons
  6 dart slugs (D:7)
  2 leopard geckos
  18 orcs
  A giant cockroach (D:7)
  17 goblins
  5 hobgoblins
  19 jackals
  4 bats
  A frilled lizard (D:3)
  5 kobolds
  4 rats
193 creatures vanquished.

Vanquished Creatures (collateral kills)
  Prince Ribbit (D:8)
  A two-headed ogre (D:8)
  An orc warrior (D:8)
  An ice beast (D:5)
  A sky beast (D:8)
  A scorpion (D:8)
  2 orc priests (D:5)
  An orc wizard (D:5)
  A gnoll shaman (D:6)
  A killer bee zombie (D:7)
  A hound skeleton (D:5)
  4 gnolls (D:6)
  An orc (D:5)
  A goblin (D:3)
  4 jackals
  A frilled lizard (D:3)
23 creatures vanquished.

Grand Total: 216 creatures vanquished

Notes
Turn   | Place    | Note
-------+----------+-------------------------------------------
     0 | D:1      | M4edhros the Octopode Necromancer began the quest for the Orb.
     0 | D:1      | Reached XP level 1. HP: 11/11 MP: 3/3
    34 | D:1      | Reached skill level 1 in Unarmed Combat
   110 | D:2      | Reached XP level 2. HP: 9/17 MP: 3/5
   241 | D:2      | Reached skill level 2 in Unarmed Combat
   544 | D:4      | Reached XP level 3. HP: 6/21 MP: 6/6
   547 | D:4      | Learned a level 1 spell: Animate Skeleton
   551 | D:4      | Learned a level 3 spell: Regeneration
   624 | D:4      | Noticed Natasha
   634 | D:4      | Killed Natasha
   634 | D:4      | Reached skill level 3 in Unarmed Combat
   655 | D:4      | Found a staircase to the Ecumenical Temple.
   663 | Temple   | Entered the Ecumenical Temple
   709 | Temple   | Became a worshipper of Cheibriados the Contemplative
   774 | D:3      | Reached XP level 4. HP: 27/27 MP: 5/7
   818 | D:3      | Reached skill level 4 in Unarmed Combat
   980 | D:3      | Found an iron altar of Okawaru.
  1178 | D:4      | Reached XP level 5. HP: 24/31 MP: 8/8
  1244 | D:4      | Noticed Edmund
  1260 | D:4      | Killed Edmund
  1260 | D:4      | Reached skill level 5 in Unarmed Combat
  1260 | D:4      | Reached XP level 6. HP: 35/36 MP: 9/9
  1266 | D:4      | Noticed Natasha
  1293 | D:4      | Killed Natasha
  1315 | D:4      | Noticed Robin
  1332 | D:4      | Killed Robin
  1332 | D:4      | Reached * piety under Cheibriados
  1332 | D:4      | Reached skill level 6 in Unarmed Combat
  1370 | D:5      | Entered Level 5 of the Dungeon
  1370 | D:5      | Found a stormy altar of Qazlal.
  1377 | D:5      | Noticed Sigmund
  1387 | D:5      | Killed Sigmund
  1387 | D:5      | Reached skill level 7 in Unarmed Combat
  1387 | D:5      | Reached XP level 7. HP: 21/41 MP: 0/10
  1450 | D:5      | Reached skill level 1 in Fighting
  1697 | D:6      | Learned a level 2 spell: Repel Missiles
  1755 | D:6      | Reached ** piety under Cheibriados
  1927 | D:6      | Reached XP level 8. HP: 42/51 MP: 3/11
  1946 | D:6      | Reached skill level 1 in Invocations
  2043 | D:6      | Reached *** piety under Cheibriados
  2117 | D:6      | Reached skill level 8 in Unarmed Combat
  2457 | D:7      | Reached **** piety under Cheibriados
  2667 | D:7      | Reached XP level 9. HP: 27/59 MP: 8/12
  2676 | D:7      | Reached skill level 5 in Fighting
  2678 | D:7      | Reached skill level 5 in Dodging
  2693 | D:7      | Learned a level 4 spell: Animate Dead
  2825 | D:7      | Reached ***** piety under Cheibriados
  2909 | D:7      | Found a blossoming altar of Fedhas.
  2918 | D:7      | Noticed an oklob plant
  3145 | D:8      | Reached skill level 9 in Unarmed Combat
  3194 | D:8      | Reached skill level 1 in Shields
  3233 | D:8      | Noticed a two-headed ogre
  3238 | D:8      | Noticed a komodo dragon
  3241 | D:8      | Killed a two-headed ogre
  3241 | D:8      | Reached XP level 10. HP: 63/69 MP: 13/13
  3244 | D:8      | Noticed a hill giant
  3246 | D:8      | Noticed a purple ugly thing
  3251 | D:8      | Killed a hill giant
  3252 | D:8      | Reached skill level 5 in Invocations
  3256 | D:8      | Killed a purple ugly thing
  3259 | D:8      | Noticed Prince Ribbit
  3274 | D:8      | Killed Prince Ribbit
  3294 | D:8      | Noticed a cyclops
  3307 | D:8      | Killed a cyclops
  3670 | D:9      | Noticed efeel's ghost (novice HONe)
  3697 | D:9      | Reached skill level 1 in Slings
  3937 | D:10     | Entered Level 10 of the Dungeon
  4071 | D:10     | Slain by an unseen horror

Skill      XL: |  1  2  3  4  5  6  7  8  9 10 |
---------------+-------------------------------+-----
Unarmed Combat | 1 2 3 4 5 7 8 9 |  9.7
Fighting       | 2 4 6 7 |  7.3
Dodging        | 3 4 6 7 |  7.0
Invocations    | 2 4 5 |  5.3
Shields        | 2 4 |  4.9
Slings         | 1 |  1.4
Stealth        | |  2.6
Spellcasting   | |  2.0
Necromancy     | |  4.0

Action                   |  1- 3 |  4- 6 |  7- 9 | 10-12 || total
-------------------------+-------+-------+-------+-------++-------
Melee: Unarmed           |    17 |    79 |   262 |    56 ||   414
       Constrict         |     1 |    21 |    74 |    12 ||   108
       Tentacles         |       |    18 |    94 |    22 ||   134
       Punch             |       |     5 |    20 |     4 ||    29
 Cast: Pain              |    27 |     4 |     6 |       ||    37
       Regeneration      |     1 |     5 |    27 |     5 ||    38
       Animate Skeleton  |       |     4 |    26 |     5 ||    35
       Animate Dead      |       |       |     1 |     1 ||     2
Invok: Slouch            |       |       |     1 |     2 ||     3
Evoke: Wand              |       |     4 |     2 |     4 ||    10
  Use: Potion            |     3 |     5 |     2 |     4 ||    14
       Scroll            |       |       |     3 |    11 ||    14
 Stab: Sleeping          |       |     1 |     9 |     3 ||    13
       Paralysed         |       |    10 |       |     4 ||    14
       Distracted        |       |       |     6 |     1 ||     7
  Eat: Chunk             |       |     4 |     5 |       ||     9
       Meat ration       |       |       |     1 |       ||     1
Armor: Skin              |     2 |     1 |     9 |     1 ||    13
Dodge: Dodged            |     9 |    39 |   220 |    39 ||   307
Block: Large shield      |       |       |       |    25 ||    25
